 Dungeon Crawl Stone Soup version 0.19-a0-1908-g43c011f (webtiles) character file.

14 Psiweapon the Grave Robber (level 2, -4/19 HPs)
             Began as a Vampire Necromancer on Oct 22, 2016.
             Slain by an adder (5 damage)
             ... on level 2 of the Dungeon.
             The game lasted 00:02:32 (957 turns).

Psiweapon the Grave Robber (Vampire Necromancer)     Turns: 957, Time: 00:02:33

Health: -4/19      AC:  2    Str: 12    XL:     2   Next: 31%
Magic:  1/5        EV: 12    Int: 17    God:
Gold:   10         SH:  0    Dex: 14    Spells: 2 memorised, 3 levels left

rFire  . . .     SeeInvis +     g - +0 dagger
rCold  . . .     Gourm    .     a - +0 robe
rNeg   + . .     Faith    .     (no shield)
rPois  .         Spirit   .     (no helmet)
rElec  .         Reflect  .     (no cloak)
rCorr  .         Harm     .     (no gloves)
MR     .....                    (no boots)
Stlth  ++........               l - amulet of regeneration
                                (no ring)
                                (no ring)

@: mighty, lethally poisoned (-4 -> -6)
A: fangs 3, see invisible, unbreathing
a: no special abilities


You were on level 2 of the Dungeon.
You were not thirsty.

You visited 1 branch of the dungeon, and saw 2 of its levels.

You collected 10 gold pieces.

Inventory:

Hand Weapons
 g - a +0 dagger (weapon)
 h - a +0 whip
 j - a +0 short sword
Missiles
 d - 41 bolts
 n - 7 poisoned needles
 o - 24 stones (quivered)
Armour
 a - a +0 robe (worn)
Jewellery
 l - an amulet of regeneration (around neck)
Scrolls
 e - 2 scrolls of amnesia {unknown}
 f - 2 scrolls of remove curse {unknown}
Potions
 c - 3 potions of blood
 i - a potion of curing {unknown}
 k - 2 potions of might
 m - a potion of berserk rage {unknown}
Books
 b - a book of Necromancy

   Spells                             Type                      Level
   a - Pain                           Necromancy                   1
   b - Animate Skeleton               Necromancy                   1
   c - Vampiric Draining              Necromancy                   3
   d - Regeneration                   Charms/Necromancy            3
   e - Animate Dead                   Necromancy                   4
   f - Control Undead                 Necromancy                   4


   Skills:
 + Level 2.2 Dodging
 + Level 3.2 Stealth
 + Level 2.1 Spellcasting
 + Level 4.9 Necromancy


You had 3 spell levels left.
You knew the following spells:

 Your Spells              Type           Power        Failure   Level  Hunger
a - Pain                  Necr           ###.         2%          1    #......
b - Animate Skeleton      Necr           N/A          2%          1    #......


Dungeon Overview and Level Annotations

Branches:
Dungeon (2/15)

Altars:


Innate Abilities, Weirdness & Mutations

You have razor-sharp teeth.
You have supernaturally acute eyesight. (SInv)
You can survive without breathing.


Message History

You feel sick. The adder bites your kobold skeleton.
Your kobold skeleton is destroyed!
Throwing (i - inventory):
o - 25 stones (quivered)
Press: ? - help, Shift-Dir - straight line, f/p - adder
Aim: an adder (severely wounded)
You throw a stone. The stone closely misses the adder.
You feel sick. The adder barely misses you.
You barely miss the adder.
The adder is severely wounded.
You feel sick. The adder bites you.
* * * LOW HITPOINT WARNING * * *
It was a potion of might.
You feel very mighty all of a sudden.
* * * LOW HITPOINT WARNING * * *
You feel sick. The adder barely misses you. x2
You miss the adder.
The adder is severely wounded.
* * * LOW HITPOINT WARNING * * *
You feel sick. The adder bites you.
You die...

#.# #.# #.# #.# #
# #.# #.# #.# #.#
#Z#
.########.#.####.#
......(S@###.ZZ..#
..#######.#.######
##.## ........#
#########


You could see an adder.

Vanquished Creatures
  2 ball pythons
  2 goblins (D:1)
  3 hobgoblins (D:1)
  2 bats (D:1)
  2 frilled lizards
  2 kobolds
13 creatures vanquished.

Vanquished Creatures (collateral kills)
  A kobold (D:1)
1 creature vanquished.

Grand Total: 14 creatures vanquished

Notes
Turn   | Place    | Note
-------+----------+-------------------------------------------
     0 | D:1      | Psiweapon the Vampire Necromancer began the quest for the Orb.
     0 | D:1      | Reached XP level 1. HP: 13/13 MP: 3/3
   368 | D:1      | Learned a level 1 spell: Animate Skeleton
   464 | D:1      | Reached XP level 2. HP: 19/19 MP: 5/5
   876 | D:2      | Found a faded altar of an unknown god.
   957 | D:2      | Slain by an adder

Vault maps used:
D:1:      lemuel_arrival_hallway
D:2:      ecumenical_altar_1

Action                   || total
-------------------------++-------
Melee: Dagger            ||    16
Throw: Stone             ||     1
 Cast: Pain              ||    17
       Animate Skeleton  ||     3
  Use: Potion            ||     1
 Stab: Sleeping          ||     4
Armor: Robe              ||     3
Dodge: Dodged            ||    10
